Map: Oxide LE

Players

AgoElazer (Elazer) - Winner!

  • Race: Zerg Zerg
  • Spawn Location: 1:00

Stats

  • Race: Protoss Protoss
  • Spawn Location: 7:00

Event: TSL 6

VOD

Have the link to the VOD?

Description

Time

  • Played on: Dec. 12, 2020, 11:49 a.m.
  • Length: 10:49

All games in this series

Show
View Real Time Build Order
Export as new Build Order

AgoElazer Zerg - Winner!

Build Orders: Hatch First, Swarm Host 

Get SALT Encoding   

  12  0:00  Drone  
  13  0:12  Overlord  
  13  0:17  Drone  
  14  0:30  Drone x2  
  16  0:43  Drone  
  17  0:52  Hatchery  
  17  0:54  Drone  
  17  0:59  Drone  
  18  1:08  Extractor  
  17  1:13  Spawning Pool  
  17  1:17  Drone  
  17  1:20  Drone  
  18  1:28  Drone  
  19  1:38  Drone  
  20  1:49  Overlord  
  20  2:00  Queen  
  22  2:04  Queen, Drone  
  22  2:05  Zergling x2  
  26  2:10  Metabolic Boost  
  26  2:12  Zergling x2  
  26  2:15  Drone  
  28  2:23  Drone  
  28  2:25  Drone  
  30  2:33  Drone  
  30  2:36  Drone  
  32  2:40  Queen  
  34  2:48  Overlord  
  34  2:54  Hatchery  
  34  2:55  Drone  
  34  2:57  Zergling x2  
  35  3:04  Drone  
  36  3:08  Overlord  
  36  3:10  Drone x2  
  36  3:11  Drone  
  39  3:13  Drone x2  
  39  3:15  Drone  
  42  3:21  Drone  
  42  3:22  Drone  
  42  3:25  Queen  
  46  3:30  Drone  
  46  3:31  Overlord  
  46  3:33  Drone  
  48  3:36  Spore Crawler  
  47  3:42  Zergling x8  
  51  3:48  Queen  
  51  3:50  Overlord  
  51  3:52  Drone  
  54  3:56  Overlord  
  54  4:06  Drone  
  54  4:07  Drone x3  
  57  4:12  Drone x4  
  57  4:16  Drone  
  61  4:20  Drone x2  
  61  4:22  Queen  
  61  4:23  Overlord  
  65  4:24  Drone  
  65  4:30  Drone x3  
  69  4:35  Overlord  
  69  4:37  Drone  
  70  4:40  Extractor, Queen  
  70  4:41  Evolution Chamber  
  70  4:44  Drone x2  
  72  4:51  Lair, Drone x2  
  74  4:53  Drone  
  74  4:57  Drone x6  
  81  5:00  Extractor  
  81  5:03  Roach Warren  
  81  5:04  Drone x2  
  81  5:05  Drone  
  82  5:08  Extractor, Zerg Missile Weapons Level 1  
  80  5:15  Drone x4  
  80  5:20  Extractor  
  83  5:22  Overlord  
  83  5:23  Extractor  
  83  5:25  Drone x4  
  86  5:29  Drone x2  
  86  5:31  Overlord  
  86  5:34  Overlord  
  88  5:39  Overlord  
  88  5:46  Roach x2  
  88  5:47  Roach x3  
  88  5:48  Glial Reconstitution  
  98  5:51  Infestation Pit  
  98  5:54  Roach  
  98  5:55  Roach x3  
  98  5:56  Roach x2  
  109  6:02  Overlord x3  
  109  6:06  Roach x3  
  114  6:18  Overlord  
  114  6:19  Overlord  
  114  6:24  Roach x8  
  132  6:25  Ravager x2  
  132  6:26  Ravager  
  132  6:36  Swarm Host  
  132  6:37  Swarm Host x2  
  132  6:38  Overlord  
  141  6:42  Overlord  
  141  6:44  Swarm Host  
  142  6:48  Swarm Host  
  142  6:50  Swarm Host  
  142  6:53  Queen  
  150  6:54  Overlord  
  150  6:55  Overlord, Swarm Host  
  150  7:00  Swarm Host  
  156  7:03  Roach x2  
  156  7:07  Roach x3  
  166  7:10  Roach  
  166  7:14  Roach x3  
  174  7:20  Overlord  
  174  7:24  Roach  
  174  7:25  Roach x2  
  178  7:30  Roach x4  
  178  7:37  Ravager  
  187  7:42  Roach x4  
  195  7:44  Zerg Missile Weapons Level 2  
  193  7:54  Roach x3  
  191  8:06  Roach x4  
  191  8:07  Ravager x2  
  195  8:14  Roach x2  
  195  8:16  Roach x2  
  176  8:29  Roach x6  
  178  8:37  Roach x3  
  176  8:46  Roach x2, Queen x3  
  174  8:55  Roach x3  
  174  8:56  Roach x2  
  174  8:59  Roach  
  174  9:00  Hatchery  
  165  9:11  Roach  
  165  9:12  Roach x2  
  162  9:18  Roach x2  
  162  9:22  Queen x3  
  162  9:23  Roach x4  
  172  9:29  Roach x2  
  168  9:37  Roach  
  153  9:41  Roach x3  
  146  9:50  Roach x2  
  145  9:58  Roach x10  
  145  9:59  Ravager x4  
  165  10:01  Queen x2  
  165  10:04  Roach, Ravager  
  165  10:05  Ravager  
  171  10:11  Roach x2  
  160  10:23  Roach x5  
Show
View Real Time Build Order
Export as new Build Order

Stats Protoss 

Build Orders: 1 Gate Expand, Oracle Opening 

Get SALT Encoding   

  12  0:00  Probe  
  13  0:13  Pylon  
  13  0:18  Probe (Chrono Boost)  
  14  0:26  Probe (Chrono Boost)  
  15  0:32  Probe  
  16  0:41  Gateway  
  16  0:44  Probe  
  16  0:47  Assimilator  
  17  0:56  Probe  
  18  1:08  Probe  
  19  1:20  Probe  
  20  1:27  Nexus  
  20  1:34  Cybernetics Core  
  20  1:37  Probe  
  21  1:44  Assimilator  
  21  1:49  Probe  
  21  1:53  Pylon  
  22  2:01  Probe  
  23  2:08  Adept (Chrono Boost)  
  23  2:13  Probe  
  26  2:19  Stargate  
  26  2:25  Probe (Chrono Boost)  
  26  2:29  Warp Gate  
  27  2:33  Adept  
  29  2:37  Probe (Chrono Boost)  
  29  2:40  Probe (Chrono Boost)  
  31  2:47  Probe (Chrono Boost)  
  31  2:48  Probe (Chrono Boost)  
  33  2:53  Probe x2 (Chrono Boost)  
  33  2:56  Void Ray (Chrono Boost)  
  35  3:04  Probe  
  35  3:05  Probe  
  41  3:10  Gateway  
  41  3:16  Pylon  
  41  3:19  Adept  
  43  3:21  Probe  
  43  3:22  Probe  
  45  3:33  Pylon  
  45  3:36  Probe x2  
  45  3:37  Oracle (Chrono Boost)  
  50  3:48  Probe x2  
  52  3:56  Assimilator  
  52  3:58  Assimilator  
  52  4:00  Probe  
  52  4:01  Probe  
  54  4:13  Probe x2  
  52  4:18  Nexus  
  52  4:20  Pylon  
  52  4:21  Adept x2  
  56  4:25  Probe x2  
  56  4:30  Forge  
  58  4:32  Twilight Council  
  58  4:39  Shield Battery  
  58  4:42  Gateway  
  58  4:44  Gateway  
  58  4:47  Sentry x2  
  58  4:50  Pylon  
  62  4:56  Probe x2  
  62  4:58  Blink  
  64  5:01  Protoss Ground Weapons Level 1 (Chrono Boost)  
  64  5:08  Probe x2  
  66  5:19  Sentry x2  
  66  5:20  Probe x2  
  72  5:29  Pylon  
  72  5:32  Probe x2  
  74  5:38  Probe (Chrono Boost)  
  74  5:40  Pylon  
  75  5:44  Probe x2 (Chrono Boost)  
  75  5:47  Stalker x4  
  85  5:50  Probe (Chrono Boost)  
  85  5:52  Robotics Facility  
  85  5:56  Probe x2 (Chrono Boost)  
  88  5:59  Probe (Chrono Boost)  
  88  6:01  Probe x2 (Chrono Boost)  
  88  6:04  Phoenix x2  
  91  6:05  Assimilator  
  91  6:07  Probe  
  91  6:10  Assimilator, Probe x2  
  94  6:13  Stalker x3  
  94  6:15  Stalker  
  102  6:19  Probe  
  102  6:23  Gateway x2  
  103  6:29  Pylon  
  103  6:31  Pylon  
  103  6:44  Stalker x3  
  103  6:46  Immortal (Chrono Boost)  
  109  6:48  Shield Battery  
  109  6:53  Pylon  
  113  6:55  Shield Battery, Pylon  
  113  6:56  Shield Battery  
  113  7:00  Shield Battery  
  113  7:13  Stalker x4  
  121  7:16  Immortal (Chrono Boost)  
  125  7:29  Stalker x2  
  129  7:33  Pylon  
  129  7:35  Pylon  
  129  7:37  Pylon  
  129  7:44  Robotics Bay  
  129  7:45  Robotics Facility  
  129  7:48  Immortal  
  133  7:53  Pylon  
  133  7:55  Pylon  
  117  8:06  Stalker x5  
  117  8:07  Stalker  
  109  8:31  Stalker x5  
  109  8:33  Stalker  
  102  8:38  Disruptor x2  
  93  8:54  Gateway  
  76  8:58  Gateway  
  76  8:59  Stalker x2  
  76  9:00  Stalker x3  
  82  9:05  Zealot  
  75  9:13  Disruptor  
  75  9:14  Probe x2, Disruptor  
  69  9:24  Stalker x4  
  76  9:38  Stalker x2  
  65  9:56  Disruptor  
  68  10:06  Assimilator  
  68  10:22  Pylon  
  61  10:37  Nexus  
Tags
 
Add a new tag
Caveats
  • Supply blocks, unpowered buildings, or Contaminate may cause inaccurate times.
  • Supply counts are checked every 10 seconds.